TL
AMARILLO GOLD SOX @ ARKANSAS TRAVELERS
07/23/1982
 
TOP OF THE 1ST
Amarillo Gold Sox batting - Pitching for Arkansas Travelers : LHP Ricardo Acevedo
Pitching: LHP Ricardo Acevedo
Batting: SHB Mike Felder 0-0: Ball
1-0: Ball
2-0: Foul Ball, location: 2F
2-1: Foul Ball, location: 2F
2-2: Strikes out looking
Batting: LHB Hector Arroyo 0-0: Foul Ball, location: 2F
0-1: Ball
1-1: Hit by Pitch
Batting: SHB Al Newman 0-0: Ball
1-0: Fly out, F7 (Line Drive, 7, EV 105.0 MPH)
Batting: SHB Steve Jeltz 0-0: Ball
1-0: Foul Ball, location: 2F
1-1: Foul Ball, location: 2F
1-2: SINGLE (Groundball, 6S, EV 70.6 MPH) (infield hit)
Hector Arroyo to second
Batting: LHB Louie Meadows 0-0: Foul Ball, location: 2F
0-1: Called Strike
0-2: Strikes out swinging
Top of the 1st over - 0 runs, 1 hit, 0 errors, 2 left on base; Amarillo 0 - Arkansas 0
BOTTOM OF THE 1ST
Arkansas Travelers batting - Pitching for Amarillo Gold Sox : RHP Christopher DiLorenzo
Pitching: RHP Christopher DiLorenzo
Batting: RHB Denny Gonzalez 0-0: Ball
1-0: SINGLE (Groundball, 4MD, EV 105.0 MPH)
Batting: LHB Dave Magadan 0-0: Called Strike
0-1: Ball
1-1: Ball
2-1: Swinging Strike
2-2: Ball
3-2: Base on Balls
Denny Gonzalez to second
Batting: RHB Randy Milligan 0-0: Ball
1-0: Ball
2-0: Ball
3-0: Called Strike
3-1: Fly out, F8 (Flyball, 8RS, EV 95.6 MPH)
Batting: SHB Bob Meacham 0-0: Ball
1-0: DOUBLE (Flyball, 78XD, EV 98.1 MPH)
Denny Gonzalez scores
Dave Magadan to third
Batting: RHB Kenneth Foster 0-0: Called Strike
0-1: Ball
Wild Pitch!
Dave Magadan scores
Bob Meacham to third
1-1: Ball
2-1: SINGLE (Flyball, 34D, EV 85.0 MPH)
Bob Meacham scores
Batting: LHB Jesus Marinez 0-0: Fly out, F9 (Flyball, 89S, EV 75.0 MPH)
Batting: LHB Chris Henry 0-0: Called Strike
0-1: Ball
1-1: Ball
2-1: Ball
3-1: Called Strike
3-2: Fly out, F8 (Flyball, 89S, EV 75.0 MPH)
Bottom of the 1st over - 3 runs, 3 hits, 0 errors, 1 left on base; Amarillo 0 - Arkansas 3
TOP OF THE 2ND
Amarillo Gold Sox batting - Pitching for Arkansas Travelers : LHP Ricardo Acevedo
Batting: LHB Derwin McNealy 0-0: Foul Ball, location: 2F
0-1: Swinging Strike
0-2: Strikes out swinging
Batting: RHB Bill Pecota 0-0: Foul Ball, location: 2F
0-1: Ball
1-1: Ball
2-1: Foul Ball, location: 2F
2-2: Ball
3-2: SINGLE (Flyball, 56D, EV 86.3 MPH)
Batting: RHB Vic Alvarado 0-0: Ball
Bill Pecota steals 2nd base
1-0: Fly out, F7 (Flyball, 78D, EV 91.9 MPH)
Batting: RHB Todd Smith 0-0: Ball
1-0: Foul Ball, location: 2F
1-1: Swinging Strike
1-2: Foul Ball, location: 2F
1-2: Strikes out swinging
Top of the 2nd over - 0 runs, 1 hit, 0 errors, 1 left on base; Amarillo 0 - Arkansas 3
BOTTOM OF THE 2ND
Arkansas Travelers batting - Pitching for Amarillo Gold Sox : RHP Christopher DiLorenzo
Batting: RHB Rob Deer 0-0: Swinging Strike
0-1: Swinging Strike
0-2: Strikes out swinging
Batting: RHB Alex Duarte 0-0: Ball
1-0: Ball
2-0: Fly out, F7 (Flyball, 7D, EV 88.8 MPH)
Batting: RHB Denny Gonzalez 0-0: Called Strike
0-1: Ball
1-1: Called Strike
1-2: Foul Ball, location: 2F
1-2: Ball
2-2: Foul Ball, location: 2F
2-2: SINGLE (Flyball, 78M, EV 88.8 MPH)
Batting: LHB Dave Magadan 0-0: Ball
1-0: Ball
2-0: Called Strike
2-1: Ball
3-1: Base on Balls
Denny Gonzalez to second
Batting: RHB Randy Milligan 0-0: Ball
1-0: Ball
2-0: Ball
3-0: Base on Balls
Denny Gonzalez to third
Dave Magadan to second
Batting: SHB Bob Meacham 0-0: Ball
1-0: Called Strike
1-1: Called Strike
1-2: Ball
2-2: Foul Ball, location: 2F
2-2: Ball
3-2: Foul Ball, location: 2F
3-2: Fly out, F5 (Popup, 5S, EV 71.9 MPH)
Bottom of the 2nd over - 0 runs, 1 hit, 0 errors, 3 left on base; Amarillo 0 - Arkansas 3
TOP OF THE 3RD
Amarillo Gold Sox batting - Pitching for Arkansas Travelers : LHP Ricardo Acevedo
Batting: SHB Mike Felder 0-0: SINGLE (Line Drive, 9LM, EV 106.3 MPH)
Batting: LHB Hector Arroyo 0-0: Called Strike
Mike Felder steals 2nd base
0-1: Fly out, F5 (Popup, 56S, EV 79.4 MPH)
Batting: SHB Al Newman 0-0: Called Strike
0-1: SINGLE (Groundball, 56D, EV 105.0 MPH)
Mike Felder to third
Runner from 3rd tries for Home, SAFE, throw by LF to home
Batting: SHB Steve Jeltz 0-0: Called Strike
0-1: Ball
1-1: Foul Ball, location: 2F
1-2: Ball
2-2: Strikes out swinging
Batting: LHB Louie Meadows 0-0: Called Strike
0-1: Ground out 4-3 (Groundball, 4, EV 83.1 MPH)
Top of the 3rd over - 1 run, 2 hits, 0 errors, 1 left on base; Amarillo 1 - Arkansas 3
BOTTOM OF THE 3RD
Arkansas Travelers batting - Pitching for Amarillo Gold Sox : RHP Christopher DiLorenzo
Batting: RHB Kenneth Foster 0-0: Ball
1-0: Fly out, F8 (Flyball, 8RM, EV 87.5 MPH)
Batting: LHB Jesus Marinez 0-0: Called Strike
0-1: Foul Ball, location: 2F
0-2: Ball
1-2: Ball
2-2: Ball
3-2: Ground out 4-3 (Groundball, 4S, EV 62.5 MPH)
Batting: LHB Chris Henry 0-0: Foul Ball, location: 2F
0-1: Ball
1-1: Called Strike
1-2: Ball
2-2: Ball
3-2: Fly out, F9 (Flyball, 9S, EV 77.5 MPH)
Bottom of the 3rd over - 0 runs, 0 hits, 0 errors, 0 left on base; Amarillo 1 - Arkansas 3
TOP OF THE 4TH
Amarillo Gold Sox batting - Pitching for Arkansas Travelers : LHP Ricardo Acevedo
Batting: LHB Derwin McNealy 0-0: Called Strike
0-1: SINGLE (Line Drive, 9S, EV 111.9 MPH)
Batting: RHB Bill Pecota 0-0: Ball
1-0: Ball
2-0: Ball
3-0: Base on Balls
Derwin McNealy to second
Batting: RHB Vic Alvarado 0-0: Fielders Choice at 2nd, 5-4 (Groundball, 5, EV 85.0 MPH)
Derwin McNealy to third
Batting: RHB Todd Smith 0-0: Ball
1-0: Fly out, F8 (Flyball, 89M, EV 92.5 MPH)
Runner from 3rd tags up, SCORES, throw by CF
Batting: SHB Mike Felder 0-0: Called Strike
Vic Alvarado is caught stealing 2nd base 2-4
Top of the 4th over - 1 run, 1 hit, 0 errors, 0 left on base; Amarillo 2 - Arkansas 3
BOTTOM OF THE 4TH
Arkansas Travelers batting - Pitching for Amarillo Gold Sox : RHP Christopher DiLorenzo
Batting: RHB Rob Deer 0-0: Ball
1-0: Called Strike
1-1: Ball
2-1: Ball
3-1: Base on Balls
Batting: RHB Alex Duarte 0-0: Ball
1-0: Fielders Choice at 2nd, 6-4 (Groundball, 6M, EV 83.1 MPH)
Batting: RHB Denny Gonzalez 0-0: Ball
1-0: Called Strike
1-1: Ball
2-1: Fly out, F3 (Flyball, 3D, EV 89.4 MPH)
Batting: LHB Dave Magadan 0-0: Called Strike
Alex Duarte steals 2nd base
0-1: Ball
1-1: Ball
2-1: Called Strike
2-2: Foul Ball, location: 2F
2-2: Ball
3-2: Foul Ball, location: 2F
3-2: Fly out, F8 (Flyball, 8RS, EV 85.0 MPH)
Bottom of the 4th over - 0 runs, 0 hits, 0 errors, 1 left on base; Amarillo 2 - Arkansas 3
TOP OF THE 5TH
Amarillo Gold Sox batting - Pitching for Arkansas Travelers : LHP Ricardo Acevedo
Batting: SHB Mike Felder 0-0: Ball
1-0: Foul Ball, location: 2F
1-1: Ball
2-1: Ball
3-1: Base on Balls
Batting: LHB Hector Arroyo 0-0: Called Strike
0-1: Foul Ball, location: 2F
0-2: Ball
1-2: Fielders Choice at 2nd, 1-6 (Groundball, 13S, EV 67.5 MPH)
Batting: SHB Al Newman 0-0: SINGLE (Line Drive, 34, EV 103.8 MPH)
Hector Arroyo to second
Batting: SHB Steve Jeltz 0-0: Swinging Strike
0-1: Foul Ball, location: 2F
0-2: Ball
1-2: Strikes out swinging
Batting: LHB Louie Meadows 0-0: Ball
1-0: Ball
2-0: Fly out, F8 (Flyball, 78S, EV 83.1 MPH)
Top of the 5th over - 0 runs, 1 hit, 0 errors, 2 left on base; Amarillo 2 - Arkansas 3
BOTTOM OF THE 5TH
Arkansas Travelers batting - Pitching for Amarillo Gold Sox : RHP Christopher DiLorenzo
Batting: RHB Randy Milligan 0-0: Reached on error, E5 (Groundball, 5, EV 103.1 MPH)
Batting: SHB Bob Meacham 0-0: Called Strike
0-1: Ball
1-1: Ball
Randy Milligan steals 2nd base
2-1: Fly out, F8 (Flyball, 8LD, EV 98.1 MPH)
Runner from 2nd tags up, SAFE at 3rd with throw by CF
Batting: RHB Kenneth Foster 0-0: Called Strike
0-1: Ball
1-1: Ball
2-1: Ball
3-1: Base on Balls
Pitching: RHP Denny Schafer
Batting: LHB Jesus Marinez 0-0: Called Strike
0-1: Ball
1-1: Fly out, F4 (Flyball, 34D, EV 95.6 MPH)
Batting: LHB Chris Henry 0-0: Called Strike
0-1: SINGLE (Groundball, P, EV 86.9 MPH) (infield hit)
Randy Milligan scores
Kenneth Foster to second
Batting: RHB Rob Deer 0-0: Called Strike
0-1: Swinging Strike
0-2: Strikes out swinging
Bottom of the 5th over - 1 run, 1 hit, 1 error, 2 left on base; Amarillo 2 - Arkansas 4
TOP OF THE 6TH
Amarillo Gold Sox batting - Pitching for Arkansas Travelers : LHP Ricardo Acevedo
Batting: LHB Derwin McNealy 0-0: Ball
1-0: DOUBLE (Flyball, 89D, EV 108.1 MPH)
Batting: RHB Bill Pecota 0-0: Ball
1-0: Ball
2-0: Called Strike
2-1: Ball
3-1: Foul Ball, location: 2F
3-2: Base on Balls
Batting: RHB Vic Alvarado 0-0: Ball
1-0: Called Strike
Derwin McNealy steals 3rd base
1-1: Foul Ball, location: 2F
1-2: Strikes out swinging
Batting: RHB Todd Smith 0-0: Ball
1-0: Ball
2-0: Swinging Strike
2-1: Called Strike
Bill Pecota steals 2nd base
2-2: DOUBLE (Line Drive, 9LS, EV 95.6 MPH)
Derwin McNealy scores
Bill Pecota scores
Batting: SHB Mike Felder 0-0: Ball
1-0: Ball
2-0: Swinging Strike
2-1: Ball
3-1: Foul Ball, location: 2F
3-2: Base on Balls
Batting: LHB Hector Arroyo 0-0: Ball
1-0: Called Strike
1-1: Fly out, F9 (Line Drive, 9, EV 96.9 MPH)
Batting: SHB Al Newman 0-0: Fly out, F9 (Flyball, 9, EV 85.0 MPH)
Top of the 6th over - 2 runs, 2 hits, 0 errors, 2 left on base; Amarillo 4 - Arkansas 4
BOTTOM OF THE 6TH
Arkansas Travelers batting - Pitching for Amarillo Gold Sox : RHP Denny Schafer
Batting: RHB Alex Duarte 0-0: Fly out, F7 (Line Drive, 7, EV 104.4 MPH)
Batting: RHB Denny Gonzalez 0-0: Ball
1-0: Foul Ball, location: 2F
1-1: Ball
2-1: Foul Ball, location: 2F
2-2: Foul Ball, location: 2F
2-2: Foul Ball, location: 2F
2-2: Fly out, F8 (Flyball, 8RD, EV 108.1 MPH)
Batting: LHB Dave Magadan 0-0: Fly out, F7 (Flyball, 7, EV 88.8 MPH)
Bottom of the 6th over - 0 runs, 0 hits, 0 errors, 0 left on base; Amarillo 4 - Arkansas 4
TOP OF THE 7TH
Amarillo Gold Sox batting - Pitching for Arkansas Travelers : LHP Ricardo Acevedo
Batting: SHB Steve Jeltz 0-0: Ball
1-0: Called Strike
1-1: Fly out, F4 (Line Drive, 4, EV 69.4 MPH)
Batting: LHB Louie Meadows 0-0: Ball
1-0: Ground out 5-3 (Groundball, 56, EV 83.1 MPH)
Batting: LHB Derwin McNealy 0-0: Ball
1-0: Foul Ball, location: 2F
1-1: Called Strike
1-2: Foul Ball, location: 2F
1-2: Strikes out swinging
Top of the 7th over - 0 runs, 0 hits, 0 errors, 0 left on base; Amarillo 4 - Arkansas 4
BOTTOM OF THE 7TH
Arkansas Travelers batting - Pitching for Amarillo Gold Sox : RHP Denny Schafer
Batting: RHB Randy Milligan 0-0: Ball
1-0: Called Strike
1-1: Swinging Strike
1-2: Strikes out swinging
Batting: SHB Bob Meacham 0-0: Fly out, F9 (Line Drive, 9D, EV 89.4 MPH)
Batting: RHB Kenneth Foster 0-0: Ball
1-0: Ball
2-0: Called Strike
2-1: Called Strike
2-2: Strikes out swinging
Bottom of the 7th over - 0 runs, 0 hits, 0 errors, 0 left on base; Amarillo 4 - Arkansas 4
TOP OF THE 8TH
Amarillo Gold Sox batting - Pitching for Arkansas Travelers : LHP Ricardo Acevedo
Batting: RHB Bill Pecota 0-0: Foul Ball, location: 2F
0-1: Called Strike
0-2: Foul Ball, location: 2F
0-2: Ball
1-2: SINGLE (Groundball, 5S, EV 65.6 MPH) (infield hit)
Batting: RHB Vic Alvarado 0-0: Ball
1-0: Sac Bunt to P - play at first, batter OUT! 1-4
Bill Pecota to second
Batting: RHB Todd Smith 0-0: Called Strike
0-1: Fly out, F7 (Flyball, 7, EV 84.4 MPH)
Batting: SHB Mike Felder 0-0: Foul Ball, location: 2F
0-1: Ball
1-1: Ball
2-1: Fly out, F7 (Line Drive, 7D, EV 83.1 MPH)
Top of the 8th over - 0 runs, 1 hit, 0 errors, 1 left on base; Amarillo 4 - Arkansas 4
BOTTOM OF THE 8TH
Arkansas Travelers batting - Pitching for Amarillo Gold Sox : RHP Denny Schafer
Batting: LHB Jesus Marinez 0-0: Foul Ball, location: 2F
0-1: Ball
1-1: Ball
2-1: Ball
3-1: Base on Balls
Pinch Runner at 1st Rex Hudler:
Batting: LHB Chris Henry 0-0: Ball
1-0: Fly out, F8 (Flyball, 89D, EV 98.8 MPH)
Batting: RHB Rob Deer 0-0: Called Strike
0-1: Ball
1-1: Ball
Rex Hudler steals 2nd base
2-1: Foul Ball, location: 2F
2-2: Foul Ball, location: 2F
2-2: Foul Ball, location: 2F
2-2: Fly out, F4 (Flyball, 34D, EV 90.0 MPH)
Batting: RHB Alex Duarte 0-0: Foul Ball, location: 2F
0-1: Ball
1-1: Ball
2-1: Ground out 4-3 (Groundball, 34D, EV 84.4 MPH)
Bottom of the 8th over - 0 runs, 0 hits, 0 errors, 1 left on base; Amarillo 4 - Arkansas 4
TOP OF THE 9TH
Amarillo Gold Sox batting - Pitching for Arkansas Travelers : LHP Ricardo Acevedo
Pitching: LHP Claude Brodeur
Now at SS: Rex Hudler
Pinch Hitting: RHB Dan Henry 0-0: Ball
1-0: Ball
2-0: Ball
3-0: Base on Balls
Batting: SHB Al Newman 0-0: Fly out, F9 (Flyball, 89S, EV 85.6 MPH)
Batting: SHB Steve Jeltz 0-0: Called Strike
0-1: Called Strike
0-2: Strikes out swinging
Batting: LHB Louie Meadows 0-0: Ball
1-0: Ball
2-0: Called Strike
2-1: Foul Ball, location: 2F
2-2: Strikes out swinging
Top of the 9th over - 0 runs, 0 hits, 0 errors, 1 left on base; Amarillo 4 - Arkansas 4
BOTTOM OF THE 9TH
Arkansas Travelers batting - Pitching for Amarillo Gold Sox : RHP Denny Schafer
Now at 3B: Dan Henry
Batting: RHB Denny Gonzalez 0-0: Ball
1-0: Ground out 5-3 (Groundball, 56, EV 105.0 MPH)
Batting: LHB Dave Magadan 0-0: Ball
1-0: Called Strike
1-1: Foul Ball, location: 2F
1-2: Ball
2-2: Ball
3-2: Foul Ball, location: 2F
3-2: Ground out 1-3 (Groundball, 34S, EV 64.4 MPH)
Batting: RHB Randy Milligan 0-0: Ball
1-0: Ball
2-0: Foul Ball, location: 2F
2-1: Ball
3-1: Foul Ball, location: 2F
3-2: Strikes out swinging
Bottom of the 9th over - 0 runs, 0 hits, 0 errors, 0 left on base; Amarillo 4 - Arkansas 4
TOP OF THE 10TH
Amarillo Gold Sox batting - Pitching for Arkansas Travelers : LHP Claude Brodeur
Batting: LHB Derwin McNealy 0-0: Called Strike
0-1: Fly out, F8 (Line Drive, 8RM, EV 95.0 MPH)
Batting: RHB Bill Pecota 0-0: Called Strike
0-1: DOUBLE (Line Drive, 89D, EV 100.0 MPH)
Batting: RHB Vic Alvarado 0-0: Ball
1-0: Foul Ball, location: 2F
1-1: Foul Ball, location: 2F
1-2: Strikes out looking
Batting: RHB Todd Smith 0-0: Ball
1-0: Called Strike
1-1: Ball
2-1: Foul Ball, location: 2F
2-2: Ball
3-2: Fly out, F7 (Flyball, 78M, EV 95.6 MPH)
Top of the 10th over - 0 runs, 1 hit, 0 errors, 1 left on base; Amarillo 4 - Arkansas 4
BOTTOM OF THE 10TH
Arkansas Travelers batting - Pitching for Amarillo Gold Sox : RHP Denny Schafer
Pitching: RHP Joel Finch
Batting: SHB Bob Meacham 0-0: Ball
1-0: Called Strike
1-1: Ball
2-1: SINGLE (Groundball, 4MD, EV 104.4 MPH)
Batting: LHB Phil Stephenson 0-0: Ball
Bob Meacham is caught stealing 2nd base 2-6
1-0: Called Strike
1-1: Foul Ball, location: 2F
1-2: Ball
2-2: Foul Ball, location: 2F
2-2: Ball
3-2: Foul Ball, location: 2F
3-2: Fly out, F5 (Popup, 56, EV 68.8 MPH)
Pinch Hitting: LHB Terry Byrum 0-0: Ball
1-0: Ball
2-0: Ball
3-0: Base on Balls
Batting: LHB Chris Henry 0-0: Called Strike
0-1: Foul Ball, location: 2F
0-2: Foul Ball, location: 2F
0-2: Strikes out swinging
Bottom of the 10th over - 0 runs, 1 hit, 0 errors, 1 left on base; Amarillo 4 - Arkansas 4
TOP OF THE 11TH
Amarillo Gold Sox batting - Pitching for Arkansas Travelers : LHP Claude Brodeur
Pitching: RHP Vittore Fachinetti
Now at 3B: Terry Byrum
Batting: SHB Mike Felder 0-0: Ball
1-0: Swinging Strike
1-1: Ball
2-1: Ball
3-1: Base on Balls
Batting: RHB Dan Henry 0-0: Called Strike
0-1: Ball
1-1: Fly out, F8 (Flyball, 8LS, EV 95.0 MPH)
Batting: SHB Al Newman 0-0: Called Strike
Mike Felder steals 2nd base (no throw)
0-1: Swinging Strike
0-2: Ball
1-2: Strikes out looking
Batting: SHB Steve Jeltz 0-0: Ball
1-0: Called Strike
1-1: Called Strike
1-2: Strikes out swinging
Top of the 11th over - 0 runs, 0 hits, 0 errors, 1 left on base; Amarillo 4 - Arkansas 4
BOTTOM OF THE 11TH
Arkansas Travelers batting - Pitching for Amarillo Gold Sox : RHP Joel Finch
Pinch Hitting: SHB Bobby Bonilla 0-0: SINGLE (Line Drive, 89S, EV 86.3 MPH)
Batting: RHB Alex Duarte 0-0: Bunted foul
0-1: Bunted foul
0-2: Ball
1-2: Ball
2-2: Fly out, F4 (Flyball, 4MD, EV 87.5 MPH)
Batting: RHB Denny Gonzalez 0-0: Fielders Choice at 2nd, 5-4 (Groundball, 5, EV 85.6 MPH)
Batting: LHB Dave Magadan 0-0: Fly out, F8 (Flyball, 89M, EV 92.5 MPH)
Bottom of the 11th over - 0 runs, 1 hit, 0 errors, 1 left on base; Amarillo 4 - Arkansas 4
TOP OF THE 12TH
Amarillo Gold Sox batting - Pitching for Arkansas Travelers : RHP Vittore Fachinetti
Now in LF: Bobby Bonilla
Batting: LHB Louie Meadows 0-0: Ball
1-0: Ground out 6-3 (Groundball, 6, EV 101.3 MPH)
Batting: LHB Derwin McNealy 0-0: Called Strike
0-1: Ball
1-1: Called Strike
1-2: Ball
2-2: Strikes out swinging, 2-3 out at first.
Batting: RHB Bill Pecota 0-0: Foul Ball, location: 2F
0-1: Swinging Strike
0-2: Foul Ball, location: 2F
0-2: Ball
1-2: Strikes out swinging
Top of the 12th over - 0 runs, 0 hits, 0 errors, 0 left on base; Amarillo 4 - Arkansas 4
BOTTOM OF THE 12TH
Arkansas Travelers batting - Pitching for Amarillo Gold Sox : RHP Joel Finch
Batting: RHB Randy Milligan 0-0: Ball
1-0: Called Strike
1-1: Ball
2-1: Foul Ball, location: 2F
2-2: Ball
3-2: Foul Ball, location: 2F
3-2: Ground out 4-3 (Groundball, 4, EV 81.9 MPH)
Batting: SHB Bob Meacham 0-0: Swinging Strike
0-1: Ball
1-1: SINGLE (Line Drive, 7S, EV 94.4 MPH)
Batting: LHB Phil Stephenson 0-0: Ball
1-0: Fly out, F8 (Flyball, 8RS, EV 90.0 MPH)
Batting: LHB Terry Byrum 0-0: Foul Ball, location: 2F
0-1: Ball
Bob Meacham is caught stealing 2nd base 2-6
Bottom of the 12th over - 0 runs, 1 hit, 0 errors, 0 left on base; Amarillo 4 - Arkansas 4
TOP OF THE 13TH
Amarillo Gold Sox batting - Pitching for Arkansas Travelers : RHP Vittore Fachinetti
Batting: RHB Vic Alvarado 0-0: Called Strike
0-1: Ball
1-1: Ball
2-1: Foul Ball, location: 2F
2-2: Ball
3-2: Foul Ball, location: 2F
3-2: Strikes out swinging
Pinch Hitting: LHB Russ Laribee 0-0: Called Strike
0-1: Foul Ball, location: 2F
0-2: Ball
1-2: Strikes out looking
Batting: SHB Mike Felder 0-0: Ball
1-0: Swinging Strike
1-1: Ground out 6-3 (Groundball, 6, EV 85.6 MPH)
Top of the 13th over - 0 runs, 0 hits, 0 errors, 0 left on base; Amarillo 4 - Arkansas 4
BOTTOM OF THE 13TH
Arkansas Travelers batting - Pitching for Amarillo Gold Sox : RHP Joel Finch
Now at 1B: Chino Cadahia
Batting: LHB Terry Byrum 0-0: Foul Ball, location: 2F
0-1: Ball
1-1: Fly out, F9 (Flyball, 9S, EV 81.9 MPH)
Batting: LHB Chris Henry 0-0: Foul Ball, location: 2F
0-1: Fly out, F7 (Flyball, 7D, EV 99.4 MPH)
Batting: SHB Bobby Bonilla 0-0: Called Strike
0-1: Called Strike
0-2: Ball
1-2: Fly out, F7 (Flyball, 7, EV 82.5 MPH)
Bottom of the 13th over - 0 runs, 0 hits, 0 errors, 0 left on base; Amarillo 4 - Arkansas 4
TOP OF THE 14TH
Amarillo Gold Sox batting - Pitching for Arkansas Travelers : RHP Vittore Fachinetti
Pitching: LHP Kevin Joyce
Batting: RHB Dan Henry 0-0: Ball
1-0: Ball
2-0: Ball
3-0: Called Strike
3-1: Base on Balls
Batting: SHB Al Newman 0-0: Called Strike
0-1: Ball
Passed Ball!
Dan Henry to second
1-1: SINGLE (Groundball, 56D, EV 103.1 MPH)
Dan Henry to third
Batting: SHB Steve Jeltz 0-0: Ball
1-0: Ball
2-0: Ball
3-0: Base on Balls
Al Newman to second
Batting: LHB Louie Meadows 0-0: Foul Ball, location: 2F
0-1: Ball
1-1: Ball
2-1: Foul Ball, location: 2F
2-2: Strikes out swinging
Batting: LHB Derwin McNealy 0-0: Ball
1-0: Grounds into double play, 6-2-3 (Groundball, 6MS, EV 85.0 MPH)
Top of the 14th over - 0 runs, 1 hit, 0 errors, 2 left on base; Amarillo 4 - Arkansas 4
BOTTOM OF THE 14TH
Arkansas Travelers batting - Pitching for Amarillo Gold Sox : RHP Joel Finch
Pitching: RHP Luis Peralta
Pinch Hitting: RHB Dennis Seats 0-0: Ball
1-0: SINGLE (Line Drive, 7S, EV 96.9 MPH)
Batting: RHB Denny Gonzalez 0-0: Fielders Choice at 2nd, 5-4 (Groundball, 56, EV 106.3 MPH)
Batting: LHB Dave Magadan 0-0: Ball
Wild Pitch!
Denny Gonzalez to second
1-0: Swinging Strike
1-1: Ball
2-1: Ball
3-1: Base on Balls
Batting: RHB Randy Milligan 0-0: Called Strike
0-1: Hit by Pitch
Denny Gonzalez to third
Dave Magadan to second
Batting: SHB Bob Meacham 0-0: Called Strike
0-1: Called Strike
0-2: Strikes out swinging
Batting: LHB Phil Stephenson 0-0: Foul Ball, location: 2F
0-1: Swinging Strike
0-2: Strikes out swinging
Bottom of the 14th over - 0 runs, 1 hit, 0 errors, 3 left on base; Amarillo 4 - Arkansas 4
TOP OF THE 15TH
Amarillo Gold Sox batting - Pitching for Arkansas Travelers : LHP Kevin Joyce
Now in RF: Dennis Seats
Batting: RHB Bill Pecota 0-0: Swinging Strike
0-1: Called Strike
0-2: Ball
1-2: Ball
2-2: Foul Ball, location: 2F
2-2: Fly out, F8 (Flyball, 8LS, EV 87.5 MPH)
Batting: RHB Vic Alvarado 0-0: Called Strike
0-1: Foul Ball, location: 2F
0-2: Ground out U3 (Groundball, 34, EV 85.0 MPH)
Batting: RHB Chino Cadahia 0-0: Ball
1-0: Ball
2-0: Foul Ball, location: 2F
2-1: DOUBLE (Line Drive, 5D, EV 106.9 MPH)
Batting: SHB Mike Felder 0-0: Intentional Walk
Batting: RHB Dan Henry 0-0: Swinging Strike
0-1: Fly out, F7 (Line Drive, 7, EV 89.4 MPH)
Top of the 15th over - 0 runs, 1 hit, 0 errors, 2 left on base; Amarillo 4 - Arkansas 4
BOTTOM OF THE 15TH
Arkansas Travelers batting - Pitching for Amarillo Gold Sox : RHP Luis Peralta
Batting: LHB Terry Byrum 0-0: Ball
1-0: Called Strike
1-1: Fly out, F8 (Flyball, 78S, EV 76.9 MPH)
Batting: LHB Chris Henry 0-0: Ball
1-0: Ball
2-0: Ground out 4-3 (Groundball, 4M, EV 91.3 MPH)
Batting: SHB Bobby Bonilla 0-0: Ball
1-0: Called Strike
1-1: Called Strike
1-2: Foul Ball, location: 2F
1-2: Ball
2-2: Foul Ball, location: 2F
2-2: Strikes out swinging
Bottom of the 15th over - 0 runs, 0 hits, 0 errors, 0 left on base; Amarillo 4 - Arkansas 4
TOP OF THE 16TH
Amarillo Gold Sox batting - Pitching for Arkansas Travelers : LHP Kevin Joyce
Batting: SHB Al Newman 0-0: Called Strike
0-1: Ball
1-1: Fly out, F7 (Flyball, 78D, EV 91.3 MPH)
Batting: SHB Steve Jeltz 0-0: Called Strike
0-1: Ball
1-1: Fly out, F9 (Flyball, 89M, EV 75.6 MPH)
Batting: LHB Louie Meadows 0-0: Ball
1-0: Foul Ball, location: 2F
1-1: Swinging Strike
1-2: Strikes out looking
Top of the 16th over - 0 runs, 0 hits, 0 errors, 0 left on base; Amarillo 4 - Arkansas 4
BOTTOM OF THE 16TH
Arkansas Travelers batting - Pitching for Amarillo Gold Sox : RHP Luis Peralta
Batting: RHB Dennis Seats 0-0: Ball
1-0: Swinging Strike
1-1: Swinging Strike
1-2: Foul Ball, location: 2F
1-2: Strikes out swinging
Batting: RHB Denny Gonzalez 0-0: Swinging Strike
0-1: Ball
1-1: Swinging Strike
1-2: Ball
2-2: Ball
3-2: Strikes out looking
Batting: LHB Dave Magadan 0-0: Ball
1-0: Ball
2-0: Ball
3-0: Base on Balls
Pitching: RHP Alec Christianson
Batting: RHB Randy Milligan 0-0: Foul Ball, location: 2F
0-1: Swinging Strike
0-2: Ball
1-2: Foul Ball, location: 2F
1-2: Strikes out swinging
Bottom of the 16th over - 0 runs, 0 hits, 0 errors, 1 left on base; Amarillo 4 - Arkansas 4
TOP OF THE 17TH
Amarillo Gold Sox batting - Pitching for Arkansas Travelers : LHP Kevin Joyce
Pitching: RHP Donald Brazell
Batting: LHB Derwin McNealy 0-0: Swinging Strike
0-1: Ball
1-1: Ball
2-1: Called Strike
2-2: Ball
3-2: Strikes out swinging
Batting: RHB Bill Pecota 0-0: SINGLE (Line Drive, 9S, EV 109.4 MPH)
Batting: RHB Vic Alvarado 0-0: Ball
1-0: Called Strike
1-1: Foul Ball, location: 2F
1-2: Strikes out swinging
Batting: RHB Chino Cadahia 0-0: Ball
Bill Pecota steals 2nd base
1-0: Ball
2-0: Ball
3-0: Called Strike
3-1: Foul Ball, location: 2F
3-2: Fly out, F9 (Flyball, 9LM, EV 80.0 MPH)
Top of the 17th over - 0 runs, 1 hit, 0 errors, 1 left on base; Amarillo 4 - Arkansas 4
BOTTOM OF THE 17TH
Arkansas Travelers batting - Pitching for Amarillo Gold Sox : RHP Alec Christianson
Batting: SHB Bob Meacham 0-0: Called Strike
0-1: Swinging Strike
0-2: Ball
1-2: SINGLE (Line Drive, 8RS, EV 92.5 MPH)
Batting: LHB Phil Stephenson 0-0: Ball
1-0: Swinging Strike
1-1: Ball
2-1: Ball
3-1: Base on Balls
Bob Meacham to second
Batting: LHB Terry Byrum 0-0: Called Strike
0-1: Ball
Wild Pitch!
Bob Meacham to third
Phil Stephenson to second
1-1: Intentional Walk
Batting: LHB Chris Henry 0-0: SINGLE (Groundball, 6D, EV 100.0 MPH)
Bob Meacham scores
Bottom of the 17th over - 1 run, 2 hits, 0 errors, 0 left on base; Amarillo 4 - Arkansas 5
Monday, August 17th, 2020 - OOTP Baseball 21.5 Build 76